 Dungeon Crawl Stone Soup version 0.21.0 (webtiles) character file.

154 AgrsvlyMoist the Poker (level 5, -12/46 HPs)
             Began as a Minotaur Fighter on July 23, 2018.
             Mangled by a gnoll
             ... wielding a +0 halberd
              (15 damage)
             ... on level 3 of the Dungeon.
             The game lasted 00:12:03 (1707 turns).

AgrsvlyMoist the Poker (Minotaur Fighter)           Turns: 1707, Time: 00:12:04

Health: -12/46     AC:  7    Str: 26    XL:     5   Next: 13%
Magic:  4/4        EV:  7    Int:  6    God:
Gold:   112        SH: 10    Dex:  9    Spells: 4/4 levels left

rFire    . . .     SeeInvis .   g - +0 mace (curse)
rCold    . . .     Gourm    .   c - +0 shield
rNeg     . . .     Faith    .   b - +0 scale mail
rPois    .         Spirit   .   (helmet restricted)
rElec    .         Reflect  .   (no cloak)
rCorr    .         Harm     .   (no gloves)
MR       .....                  (no boots)
Stlth    ..........             (no amulet)
HPRegen  0.15/turn              m - ring of flight
MPRegen  0.09/turn              (no ring)

@: mighty, berserk cooldown, slowed, very slow
A: retaliatory headbutt, horns 2
a: Evoke Flight


You were on level 3 of the Dungeon.
You were not hungry.

You visited 1 branch of the dungeon, and saw 3 of its levels.

You collected 112 gold pieces.

Inventory:

Hand Weapons
 a - a +1 trident
 g - a cursed +0 mace (weapon)
Armour
 b - a +0 scale mail (worn)
 c - a +0 shield (worn)
Jewellery
 m - a ring of flight (left hand)
Wands
 l - a wand of iceblast (9)
Scrolls
 k - 3 scrolls of teleportation
 n - a scroll of enchant weapon
Potions
 e - a potion of lignification {unknown}
 h - a potion of berserk rage
 i - 2 potions of flight
Comestibles
 f - 2 rations
 j - a chunk of flesh


   Skills:
 - Level 3.9 Fighting
 + Level 5.8 Polearms
 - Level 4.0 Armour
 - Level 4.0 Shields


You had 4 spell levels left.
You didn't know any spells.

Dungeon Overview and Level Annotations

Branches:
Dungeon (3/15)

Altars:
Fedhas


Innate Abilities, Weirdness & Mutations

You reflexively headbutt those who attack you in melee.
You have a pair of horns on your head.


Message History

You are too injured to fight recklessly!
You are too injured to fight recklessly!
You feel your anger nearly subside.
You are no longer berserk.
You are exhausted.
You feel yourself slow down.
You closely miss the gnoll.
The gnoll is almost dead.
The gnoll hits you with a whip. You block the gnoll's attack.
The gnoll hits you but does no damage. The gnoll barely misses you.
You sock the gnoll!
You kill the gnoll!
The gnoll hits you from afar with a halberd!
* * * LOW HITPOINT WARNING * * *
The gnoll hits you from afar with a halberd.
* * * LOW HITPOINT WARNING * * *
The gnoll hits you from afar with a halberd.
* * * LOW HITPOINT WARNING * * *
The gnoll hits you from afar with a halberd!
You die...

+.....##...##+##......
#.....##........####..
#.....##...##......... .# #
#...(.....)...........
...#.##.....##.#.........#..
###.).....)..........#.#+#..
.........###.#.##..........#
###......###)#.##...........
#......g.@.#.##...........
#..........#.##.........##
#..........#.##...##.#'##
#........%.#.##...##.#.#
............#.##......[.#
##.....#..?.#.##..#........
#..........#.##..#........
###+#.#...##.....+........
#.#...##.##.##......>.


You could see a gnoll.

Vanquished Creatures
  2 gnolls (D:3)
  4 adders
  An ooze (D:1)
  5 worms (D:2)
  4 dart slugs
  3 leopard geckos
  An orc (D:3)
  A ball python (D:1)
  2 giant cockroaches
  7 goblins
  9 hobgoblins
  2 jackals (D:1)
  10 kobolds
  A quokka (D:2)
  9 bats
  3 frilled lizards
  7 rats
71 creatures vanquished.

Notes
Turn   | Place    | Note
-------+----------+-------------------------------------------
     0 | D:1      | AgrsvlyMoist the Minotaur Fighter began the quest for the Orb.
     0 | D:1      | Reached XP level 1. HP: 19/19 MP: 0/0
    67 | D:1      | Reached XP level 2. HP: 27/27 MP: 1/1
   164 | D:1      | Reached skill level 3 in Polearms
   199 | D:1      | Reached XP level 3. HP: 33/33 MP: 2/2
   505 | D:2      | Reached skill level 4 in Polearms
   597 | D:2      | Reached XP level 4. HP: 38/40 MP: 3/3
   913 | D:2      | Reached skill level 5 in Polearms
  1222 | D:2      | Found a blossoming altar of Fedhas.
  1694 | D:3      | Reached XP level 5. HP: 36/46 MP: 4/4
  1707 | D:3      | Mangled by a gnoll

Skill      XL: |  1  2  3  4 |
---------------+-------------+-----
Armour         | 4 |  4.0
Shields        | 4 |  4.0
Polearms       | 3 4 5 |  5.8
Fighting       | |  3.9

Action                   |  1- 3 |  4- 6 || total
-------------------------+-------+-------++-------
Melee: Trident           |    77 |       ||    77
       Headbutt          |    11 |    11 ||    22
       Mace              |    21 |    89 ||   110
  Use: Scroll            |     3 |     2 ||     5
       Potion            |       |     2 ||     2
  Eat: Chunk             |       |     3 ||     3
Armor: Scale mail        |    34 |    32 ||    66
Dodge: Dodged            |    21 |    26 ||    47
Block: Shield            |    45 |    47 ||    92
